 Dungeon Crawl Stone Soup version 0.27-a0-1565-gad902ab807 (webtiles) character file.

Game seed: 1535241526279474144

134020 Pooter the Severer (level 16, -8/139 HPs)
             Began as a Minotaur Berserker on July 15, 2021.
             Was the Champion of Trog.
             Mangled by a chaos spawn (9 damage)
             ... summoned by an orc high priest
             ... on level 2 of the Elven Halls on July 16, 2021.
             The game lasted 03:35:18 (30847 turns).

Pooter the Severer (Minotaur Berserker)            Turns: 30847, Time: 03:35:19

Health: -8/139     AC: 22    Str: 23    XL:     16   Next: 61%
Magic:  15/15      EV: 15    Int:  6    God:    Trog [******]
Gold:   1048       SH:  0    Dex: 10    Spells: 15/15 levels left

rFire    . . .     SeeInvis .   a - +5 battleaxe (elec)
rCold    + . .     Faith    .   (shield currently unavailable)
rNeg     . . .     Spirit   .   y - +6 scale mail "Rits" {Rampage rElec rCorr Str-4}
rPois    .         Reflect  .   (helmet restricted)
rElec    +         Harm     .   c - +1 cloak
rCorr    +         Rampage  +   E - +2 pair of gloves
Will     +++..                  m - +2 pair of boots {Fly}
Stlth    ++........             R - amulet of regeneration
HPRegen  2.33/turn              U - +4 ring of evasion
MPRegen  0.14/turn              I - ring of protection from cold

@: mighty, lethally poisoned (-8 -> -32), strong-willed, flying, regenerating
A: horns 2, retaliatory headbutt
a: Renounce Religion, Berserk, Trog's Hand, Brothers in Arms


You were on level 2 of the Elven Halls.
You worshipped Trog.
Trog was exalted by your worship.
You visited 5 branches of the dungeon, and saw 26 of its levels.
You also visited: Ossuary, Bailey and Volcano.

You collected 3543 gold pieces.
You spent 2495 gold pieces at shops.

Inventory:

Hand Weapons
 a - a +5 battleaxe of electrocution (weapon)
   (You subdued it on level 2 of the Elven Halls)
 b - the +7 arbalest "Spiderbane" {elec, Will+}
   (You bought it in a shop on level 8 of the Dungeon)

   Any ammunition fired from it occasionally discharges a powerful burst of
   electricity upon striking a foe.
   Will:      It increases your willpower.
 p - a +4 quarterstaff of chaos
   (You took it off Crazy Yiuf on level 2 of the Dungeon)
 s - a +2 dire flail of holy wrath
   (You took it off an orc warrior on level 2 of the Orcish Mines)
 L - the +7 Singing Sword {vorpal, sonic wave}
   (You found it on level 4 of the Dungeon)

   It inflicts extra damage upon your enemies.
   It radiates damaging sonic waves as it strikes, especially in combat
   involving dangerous or numerous foes.
 N - a +3 broad axe of draining
   (You took it off Maggie on level 9 of the Dungeon)
Missiles
 j - 70 boomerangs (quivered)
 K - 145 bolts
 S - 9 curare-tipped darts
 V - 12 silver boomerangs
Armour
 c - a +1 cloak (worn)
   (You found it on level 4 of the Lair of Beasts)
 g - a +2 kite shield of positive energy
   (You took it off a tengu warrior on level 15 of the Dungeon)
 m - a +2 pair of boots of flying (worn)
   (You found it in a volcano)
 w - a +2 plate armour of willpower
   (You took it off an orc warrior on level 2 of the Orcish Mines)
 y - the +6 scale mail "Rits" (worn) {Rampage rElec rCorr Str-4}
   (You bought it in a shop on level 1 of the Depths)

   Str:       It affects your strength (-4).
   rElec:     It insulates you from electricity.
   rCorr:     It protects you from acid and corrosion.
   Rampage:   It bestows one free step when moving towards enemies.
 E - a +2 pair of gloves (worn)
   (You found it on level 6 of the Dungeon)
Jewellery
 h - a +6 ring of strength
   (You took it off an orc wizard on level 14 of the Dungeon)
 I - a ring of protection from cold (right hand)
   (You found it on level 7 of the Dungeon)
 J - a ring of fire
   (You found it on level 8 of the Dungeon)
 O - a +4 ring of protection
   (You found it on level 9 of the Dungeon)
 P - a ring of poison resistance
   (You found it on level 2 of the Lair of Beasts)
 R - an amulet of regeneration (around neck)
   (You found it on level 10 of the Dungeon)
 U - a +4 ring of evasion (left hand)
   (You found it on level 11 of the Dungeon)
Wands
 d - a wand of iceblast (23)
   (You found it on level 7 of the Dungeon)
 f - a wand of flame (26)
   (You found it on level 2 of the Dungeon)
 n - a wand of charming (28)
   (You found it on level 4 of the Lair of Beasts)
 u - a wand of paralysis (7)
   (You found it on level 1 of the Lair of Beasts)
 x - a wand of acid (6)
   (You found it on level 6 of the Lair of Beasts)
 D - a wand of digging (6)
   (You found it on level 5 of the Lair of Beasts)
 T - a wand of mindburst (9)
   (You found it on level 9 of the Dungeon)
 W - a wand of polymorph (10)
   (You found it on level 11 of the Dungeon)
Scrolls
 e - 7 scrolls of fog
 i - 7 scrolls of identify {@r1}
 k - 2 scrolls of immolation {!r}
 l - 5 scrolls of blinking
 q - 3 scrolls of silence
 r - 4 scrolls of fear
 t - 10 scrolls of teleportation {@r4}
 z - 2 scrolls of magic mapping
 H - 2 scrolls of brand weapon
 X - 2 scrolls of summoning
Potions
 o - 6 potions of haste {@q3}
 v - 3 potions of attraction {!q}
 A - 6 potions of ambrosia
 B - 5 potions of mutation {!q}
 C - 2 potions of heal wounds {@q2}
 F - 4 potions of lignification {!q}
 G - 5 potions of cancellation
 Y - 10 potions of curing {@q1}
 Z - 2 potions of might
Miscellaneous
 M - a condenser vane
   (You found it on level 6 of the Lair of Beasts)
 Q - a tin of tremorstones (2/2)
   (You found it on level 15 of the Dungeon)


   Skills:
 + Level 11.9 Fighting
 - Level 16.0 Long Blades
 * Level 17.8 Axes
 - Level 6.1 Slings
 + Level 15.8 Crossbows
 - Level 5.0 Armour
 + Level 4.5 Dodging
 - Level 6.5 Stealth
 - Level 1.1 Shields
 + Level 11.2 Evocations


You had 15 spell levels left.
You didn't know any spells.
Your spell library was empty.

Dungeon Overview and Level Annotations

Branches:
Dungeon (15/15)            Temple (0/1) D:7            Lair (6/6) D:10
 Shoals (0/4) Lair:2       Spider (0/4) Lair:4        Slime (0/5) Lair:5
    Orc (2/2) D:11            Elf (2/3) Orc:2        Vaults (0/5) D:14
 Depths (1/5) D:15        Ossuary (visited)          Bailey (visited)
Volcano (visited)

Altars:
Kikubaaqudgha
Makhleb
Vehumet
Wu Jian
Xom
Beogh
Jiyva

Shops:
D:7 =   D:8 (   D:13 (   Orc:1 **   Orc:2 ![?::   Depths:1 ?![*

Annotations:
D:8 2 transporters
Elf:2 3 runed translucent doors


Innate Abilities, Weirdness & Mutations

You have a pair of horns on your head.
You reflexively headbutt those who attack you in melee.


Message History

You feel extremely sick. The orc high priest closely misses you.
The chaos spawn barely misses you.
The +3 halberd of venom closely misses you.
You slash the orc sorcerer! You hit the chaos spawn.
You feel extremely sick.
The orc high priest hits you but does no damage.
The +3 halberd of venom hits you but does no damage.
You are more poisoned.
The chaos spawn misses you. The orc sorcerer barely misses you.
You furiously retaliate!
You headbutt the orc sorcerer! You hit the orc sorcerer.
Lightning courses through the orc sorcerer!
You kill the orc sorcerer!
Trog accepts your kill.
Trog appreciates your killing of a magic user.
You closely miss the chaos spawn.
You feel extremely sick.
The +3 halberd of venom hits you from afar.
* * * LOW HITPOINT WARNING * * *
The orc high priest hits you but does no damage.
The chaos spawn gores you but does no damage.
Your condenser vane has recharged.
You closely miss the deep elf zephyrmancer.
You barely miss the chaos spawn.
You feel extremely sick.
The +3 halberd of venom hits you from afar!
* * * LOW HITPOINT WARNING * * *
The deep elf zephyrmancer hits you but does no damage.
The orc high priest closely misses you.
The chaos spawn gores you but does no damage.
You feel much better.
You feel extremely sick.
The +3 halberd of venom hits you from afar!
* * * LOW HITPOINT WARNING * * *
You are more poisoned.
The deep elf zephyrmancer completely misses you.
The +3 halberd of venom hits you but does no damage.
The orc high priest hits you but does no damage.
The chaos spawn hits you but does no damage.
You feel very mighty all of a sudden.
* * * LOW HITPOINT WARNING * * *
You feel extremely sick.
The +3 halberd of venom hits you but does no damage.
You are lethally poisoned!
The deep elf zephyrmancer hits you with a +0 short sword!
* * * LOW HITPOINT WARNING * * *
The orc high priest misses you. The chaos spawn gores you!
* * * LOW HITPOINT WARNING * * *
You are engulfed in flames!
You die...

#.........#
###.........#
.'.........#
#......>..#
#.........#
+...(o..#
#..e4.# #@#
#.# #.# #.#
#.# #.#
####'##
#.....#
#..♣..#


You could see an orc high priest, a deep elf zephyrmancer, a chaos spawn
(summoned) and a +3 halberd of venom.

Vanquished Creatures
  An orc warlord (Bailey)
  A deep elf sorcerer (Elf:1)
  A stone giant (Depths:1)
  A fire dragon (D:15)
  5 boulder beetles
  Erolcha (Orc:2)
  An ice dragon (D:15)
  12 hydras
  2 catoblepae (Lair:6)
  A two-headed ogre (D:9)
  7 dancing weapons
  5 centaur warriors
  8 death yaks
  3 tengu warriors
  A vampire mage (D:15)
  5 deep elf knights
  4 skeletal warriors (D:13)
  3 deep elf archers (Elf:1)
  A wizard (Elf:1)
  5 orc knights
  A phantasmal warrior (D:14)
  A harpy (shapeshifter) (Elf:1)
  11 deep elf zephyrmancers
  21 deep elf pyromancers
  5 lindwurms
  4 manticores
  4 ugly things (D:14)
  3 cyclopes
  12 orc sorcerers
  12 elephants
  8 black mambas
  A molten gargoyle (Volcano)
  18 cane toads
  2 torpor snails
  A gargoyle (D:12)
  5 rime drakes
  5 efreet
  Maggie (D:9)
  A freezing wraith (D:15)
  6 komodo dragons
  3 tengu conjurers
  A queen bee (D:14)
  2 polar bears
  3 meliai (D:14)
  5 jumping spiders (Lair:4)
  A troll (D:13)
  14 blink frogs
  A hornet (shapeshifter) (D:14)
  A hornet (D:10)
  5 slime creatures (D:14)
  16 dream sheep
  A blink frog (shapeshifter) (Elf:2)
  A snapping turtle (Lair:2)
  A vampire (D:14)
  A shadow (D:8)
  5 water elementals
  3 wraiths
  3 redbacks (Lair:4)
  7 wyverns
  46 yaks
  3 basilisks
  Grum (D:8)
  3 steam dragons
  6 fire elementals
  11 vampire mosquitoes
  A basilisk (shapeshifter) (D:15)
  8 wargs
  Menkaure (Ossuary)
  2 acid dragons
  32 orc warriors
  9 water moccasins
  A hornet zombie (D:5)
  A sky beast (D:6)
  2 necrophages
  3 black bears
  15 ogres
  8 boggarts
  18 wolves
  6 centaurs
  2 kobold brigands
  9 bullfrogs
  A gnoll sergeant (D:8)
  7 scorpions
  3 earth elementals (Volcano)
  A wyvern skeleton (D:5)
  A water moccasin skeleton (D:5)
  28 killer bees
  5 wights (D:9)
  9 howler monkeys
  2 electric eels (Lair:2)
  4 centaur zombies
  3 jellies
  Crazy Yiuf (D:2)
  19 orc priests
  A bullfrog skeleton (D:6)
  A gnoll shaman (D:9)
  Jessica (D:3)
  2 iguanas
  30 orc wizards
  7 hell rats (Lair:1)
  4 mummies
  2 howler monkey zombies
  22 gnolls
  10 adders
  A white imp (D:7)
  An adder skeleton (D:4)
  A worm (D:5)
  3 dart slugs
  71 orcs
  7 endoplasms
  2 giant cockroaches (D:2)
  15 goblins
  8 hobgoblins
  3 jackals (D:3)
  4 quokkas
  2 ball pythons (D:1)
  14 bats
  4 frilled lizards
  3 gnoll skeletons (Ossuary)
  7 gnoll zombies (Ossuary)
  6 goblin skeletons (Ossuary)
  3 goblin zombies (Ossuary)
  3 hobgoblin skeletons (Ossuary)
  6 hobgoblin zombies
  27 kobolds
  4 kobold skeletons (Ossuary)
  4 kobold zombies
  4 orc skeletons (Ossuary)
  5 orc zombies
  A quokka zombie (D:5)
  5 rats
  5 rat skeletons (Ossuary)
  5 rat zombies
  A fire vortex (Volcano)
841 creatures vanquished.

Vanquished Creatures (collateral kills)
  A wolf (Lair:4)
1 creature vanquished.

Vanquished Creatures (others)
  A deep elf pyromancer (Elf:1)
  A toenail golem (Volcano)
  A fire vortex (Volcano)
  59 fungi
  55 plants
117 creatures vanquished.

Grand Total: 959 creatures vanquished

Notes
Turn   | Place    | Note
-------+----------+-------------------------------------------
     0 | D:1      | Pooter the Minotaur Berserker began the quest for the Orb.
     0 | D:1      | Reached XP level 1. HP: 19/19 MP: 0/0
   447 | D:1      | Reached skill level 4 in Axes
   455 | D:1      | Reached XP level 2. HP: 25/27 MP: 1/1
   907 | D:2      | Found a runed translucent door.
   908 | D:2      | Noticed Crazy Yiuf
   990 | D:2      | Found a shimmering altar of Xom.
  1028 | D:2      | Reached skill level 1 in Stealth
  1071 | D:1      | Reached XP level 3. HP: 32/33 MP: 2/2
  1281 | D:2      | Reached ** piety under Trog
  1282 | D:2      | Reached skill level 1 in Slings
  1282 | D:2      | Reached XP level 4. HP: 40/40 MP: 3/3
  2029 | D:2      | Killed Crazy Yiuf
  2030 | D:2      | Reached skill level 5 in Axes
  2030 | D:2      | Reached skill level 1 in Evocations
  2279 | D:3      | Reached XP level 5. HP: 42/47 MP: 4/4
  2872 | D:3      | Noticed Jessica
  2877 | D:3      | Killed Jessica
  3150 | D:4      | Reached XP level 6. HP: 40/53 MP: 5/5
  3370 | D:4      | Found an ancient bone altar of Kikubaaqudgha.
  3424 | D:4      | Reached skill level 6 in Axes
  3431 | D:4      | Reached skill level 5 in Fighting
  3464 | D:4      | Reached XP level 7. HP: 58/61 MP: 6/6
  3509 | D:4      | Found the +7 Singing Sword {vorpal, sonic wave}
  3620 | D:4      | Reached skill level 1 in Long Blades
  4661 | D:5      | Entered Level 5 of the Dungeon
  4696 | D:5      | Reached XP level 8. HP: 53/70 MP: 7/7
  4757 | D:5      | Found an ornate altar of the Wu Jian Council.
  4790 | D:5      | Found a sand-covered staircase.
  4797 | Ossuary  | Entered an ossuary
  4941 | Ossuary  | Reached *** piety under Trog
  5094 | Ossuary  | Reached **** piety under Trog
  5103 | Ossuary  | Noticed Menkaure
  5123 | Ossuary  | Killed Menkaure
  5740 | D:6      | Reached skill level 5 in Long Blades
  6486 | D:6      | Reached XP level 9. HP: 63/78 MP: 8/8
  6710 | D:6      | Reached skill level 5 in Slings
  7154 | D:7      | Found a staircase to the Ecumenical Temple.
  7700 | D:7      | Found Osustoor's Jewellery Emporium.
  7831 | D:8      | Found Laol's Weapon Boutique.
  7871 | D:8      | Found a transporter.
  7883 | D:8      | Noticed a kobold demonologist
  7889 | D:8      | Noticed a kobold demonologist
  8233 | D:8      | Found a transporter.
  8281 | D:8      | Noticed Grum
  8286 | D:8      | Killed Grum
  8288 | D:8      | Reached skill level 5 in Stealth
  8294 | D:8      | Reached skill level 5 in Evocations
  8833 | D:8      | Reached XP level 10. HP: 64/88 MP: 9/9
  9282 | D:8      | Reached skill level 1 in Crossbows
  9934 | D:9      | Noticed Maggie
  9938 | D:9      | Killed Maggie
 10376 | D:9      | Noticed a two-headed ogre
 10387 | D:9      | Killed a two-headed ogre
 10388 | D:9      | Reached skill level 7 in Axes
 10963 | D:10     | Entered Level 10 of the Dungeon
 10981 | D:10     | Found a staircase to the Lair.
 10985 | D:10     | Reached skill level 10 in Long Blades
 11253 | D:10     | Reached ***** piety under Trog
 11258 | D:10     | Reached XP level 11. HP: 76/95 MP: 10/10
 12058 | D:11     | Found a staircase to the Orcish Mines.
 12065 | Orc:1    | Entered Level 1 of the Orcish Mines
 12079 | Orc:1    | Found a flagged portal.
 12086 | Bailey   | Entered a bailey
 12092 | Bailey   | Noticed an orc warlord
 12188 | Bailey   | Found a runed translucent gate.
 12190 | Bailey   | Found a runed translucent gate.
 12192 | Bailey   | Found a runed translucent gate.
 12201 | Bailey   | Noticed an orc knight
 12210 | Bailey   | Killed an orc knight
 12285 | Bailey   | Killed an orc warlord
 12408 | Bailey   | Acquired a manual of Axes
 12417 | Bailey   | Reached skill level 10 in Axes
 12417 | Bailey   | Reached XP level 12. HP: 103/103 MP: 11/11
 12702 | Orc:2    | Entered Level 2 of the Orcish Mines
 12714 | Orc:1    | Reached skill level 15 in Long Blades
 12714 | Orc:1    | Reached skill level 11 in Axes
 12900 | D:8      | Bought the +7 arbalest "Spiderbane" {elec, Will+} for 823
                  | gold pieces
 12929 | Lair:1   | Entered Level 1 of the Lair of Beasts
 13349 | Lair:1   | Reached skill level 5 in Crossbows
 13412 | Lair:1   | Reached skill level 12 in Axes
 14004 | Lair:2   | Noticed a six-headed hydra
 14011 | Lair:2   | Killed an eight-headed hydra
 14287 | Lair:2   | Reached XP level 13. HP: 95/108 MP: 12/12
 14719 | Lair:2   | Reached skill level 13 in Axes
 15459 | Lair:2   | Found a staircase to the Shoals.
 16810 | Lair:4   | Reached skill level 14 in Axes
 17268 | Lair:4   | Found a hole to the Spider Nest.
 17274 | Lair:4   | Reached skill level 10 in Crossbows
 17910 | Lair:5   | Found a dark tunnel.
 17936 | Volcano  | Entered a volcano
 18652 | Lair:5   | Reached skill level 15 in Axes
 18652 | Lair:5   | Reached XP level 14. HP: 116/116 MP: 13/13
 19207 | Lair:5   | Found a viscous altar of Jiyva.
 19289 | Lair:5   | Found a staircase to the Slime Pits.
 19513 | Lair:6   | Entered Level 6 of the Lair of Beasts
 20286 | Lair:5   | Reached skill level 16 in Axes
 22773 | D:12     | Reached XP level 15. HP: 107/126 MP: 14/14
 23193 | D:13     | Found Minux's Antique Weapon Emporium.
 23515 | D:13     | Reached skill level 10 in Evocations
 23675 | D:13     | Reached skill level 10 in Fighting
 23714 | D:13     | Received a gift from Trog
 23831 | D:14     | Upgraded the game from 0.27-a0-1557-g57f10a385c to
                  | 0.27-a0-1565-gad902ab807
 24237 | D:14     | Reached skill level 17 in Axes
 24560 | D:14     | Found a gate to the Vaults.
 24609 | D:15     | Entered Level 15 of the Dungeon
 25596 | D:15     | Found a staircase to the Depths.
 25623 | Depths:1 | Entered Level 1 of the Depths
 25638 | Depths:1 | Found Sucub's Distillery.
 25641 | Depths:1 | Found Kyqe Xyo's General Store.
 25641 | Depths:1 | Found Teuwiebb's Magic Scroll Shop.
 25645 | Depths:1 | Found Zaismugi's Armour Boutique.
 25659 | Depths:1 | Bought the +6 scale mail "Rits" {Rampage rElec rCorr Str-4}
                  | for 632 gold pieces
 25722 | Depths:1 | Bought a scroll of enchant armour for 105 gold pieces
 25722 | Depths:1 | Bought a scroll of fog for 28 gold pieces
 25722 | Depths:1 | Bought a scroll of identify for 28 gold pieces
 25722 | Depths:1 | Bought a scroll of identify for 28 gold pieces
 25722 | Depths:1 | Bought a scroll of identify for 28 gold pieces
 25722 | Depths:1 | Bought a scroll of immolation for 49 gold pieces
 25722 | Depths:1 | Bought a scroll of identify for 28 gold pieces
 25722 | Depths:1 | Bought a scroll of identify for 28 gold pieces
 25764 | D:15     | Reached skill level 1 in Shields
 25993 | Orc:1    | Found Xaehoideecs's Specific Store.
 26001 | Orc:1    | Reached skill level 15 in Crossbows
 26001 | Orc:1    | Found Poerurphi's General Store.
 26063 | Orc:1    | Bought a scroll of identify for 26 gold pieces
 26063 | Orc:1    | Bought a potion of curing for 39 gold pieces
 26063 | Orc:1    | Bought a scroll of silence for 97 gold pieces
 26276 | Orc:2    | Found a staircase to the Elven Halls.
 26576 | Orc:2    | Reached ****** piety under Trog
 26936 | Orc:2    | Found a burning altar of Makhleb.
 27004 | Orc:2    | Found Emoedaip's Distillery.
 27014 | Orc:2    | Bought a potion of mutation for 112 gold pieces
 27014 | Orc:2    | Bought a potion of curing for 42 gold pieces
 27014 | Orc:2    | Bought a potion of curing for 42 gold pieces
 27014 | Orc:2    | Bought a potion of mutation for 112 gold pieces
 27014 | Orc:2    | Bought a potion of curing for 42 gold pieces
 27014 | Orc:2    | Bought 2 potions of might for 112 gold pieces
 27014 | Orc:2    | Bought a potion of curing for 42 gold pieces
 27293 | Orc:2    | Paralysed by an orc sorcerer for 3 turns
 28286 | Orc:2    | Found Evofoty's Book Shoppe.
 28357 | Orc:2    | Found a radiant altar of Vehumet.
 28357 | Orc:2    | Noticed Erolcha
 28369 | Orc:2    | Killed Erolcha
 28377 | Orc:2    | Found Elehudef's Magic Scroll Shoppe.
 28709 | Orc:2    | Found an ancient bone altar of Kikubaaqudgha.
 28807 | Orc:2    | Reached XP level 16. HP: 137/137 MP: 15/15
 28811 | Orc:2    | Found Qaynac's Antique Armour Shoppe.
 28849 | Orc:2    | Bought a scroll of magic mapping for 52 gold pieces
 28883 | Orc:2    | Found Oqetet's Book Emporium.
 29189 | Elf:1    | Entered Level 1 of the Elven Halls
 29705 | Elf:1    | Identified the +1 plate armour of Sayqulin {Dex+3}
 29821 | Elf:1    | Received a gift from Trog
 30667 | Elf:2    | Reached skill level 5 in Armour
 30673 | Elf:2    | Found a runed translucent gate.
 30674 | Elf:2    | Found a runed translucent gate.
 30675 | Elf:2    | Found a runed translucent gate.
 30847 | Elf:2    | HP: 1/139 [chaos spawn[an orc high priest] (8)]
 30847 | Elf:2    | Mangled by a chaos spawn

Illustrated notes

Levels and vault maps discovered:
D:1:      dpeg_arrival_water_temple_mockup, layout_basic
D:2:      layout_loops_corners, basic_altar, grunt_ministairs_14,
          kennysheep_pointless_box, uniq_crazy_yiuf_cottage
D:3:      layout_basic, uniq_jessica
D:4:      old_forge, layout_layer_cave, nicolae_overflow_crystal_walls
D:5:      layout_cave_pools, nicolae_wu_jian_immortal_techniques,
          enter_ossuary_4, minmay_mini_ossuary
D:6:      layout_basic
D:7:      layout_loops_ring, minmay_temple_entry_slanted, serial_shops, shop,
          dk_vineyard_1
D:8:      gammafunk_wand_slinger, layout_loops_ring, serial_shops, shop,
          uniq_grum
D:9:      layout_grid_maze, uniq_maggie
D:10:     layout_basic, erik_lair_orcish_takeover
D:11:     layout_loops_ring, orc_0_dummy
D:12:     layout_roguey
D:13:     layout_rooms, serial_shops, nicolae_take_the_stairs, special_room
          [special_room_orc]
D:14:     layout_cave_pools, david_vaults_4, special_room [special_room_bee],
          minmay_misc_feat_secret_circle
D:15:     grunt_enter_depths_hoard, layout_basic, minivault_27,
          ebering_dispersal_statue_hall
Lair:1:   layout_regular_city, grunt_megastairs_4
Lair:2:   nzn_winding_woodlands_small [nzn_winding_woodlands_5x15_concentric,
          nzn_winding_woodlands_center_lodge, nzn_winding_woodlands_5x15_pool],
          layout_cave_pods, minmay_shoals_entry_hut, grunt_megastairs_3
Lair:3:   layout_regular_city, lemuel_fruit_fields
Lair:4:   layout_cave_pods, nicolae_spider_entry_tight_spaces
Lair:5:   layout_cave_pods, slime_altar_1, nicolae_volcano_entry_two_sided
Lair:6:   hangedman_lair_in_review, layout_gridlike, lemuel_fruit_tree
Orc:1:    layout_caves, enter_bailey_3, nicolae_specific_store
Orc:2:    kennysheep_orc_mage_school, layout_caves, basic_altar, serial_shops,
          nicolae_square_shop, mines1_david
Elf:1:    minmay_elf_arrival_plus, layout_gridlike, hangedman_elf_disciples
Elf:2:    layout_geoelf_grid, drop_trap, elves_outpost_lemuel
Depths:1: layout_cave_shapes, hangedman_coc_ice_floe, serial_bayou_lagoon_a,
          zin_treasury, minmay_shoptagon, firewood_loft

Skill      XL: |  1  2  3  4  5  6  7  8  9 10 11 12 13 14 15 16 |
---------------+-------------------------------------------------+-----
Axes           | 4 5 6 7 10 12 15 16 17 | 17.8
Fighting       | 4 5 6 7 8 9 11 | 11.9
Stealth        | 1 2 3 4 5 6 |  6.5
Slings         | 1 2 3 4 6 |  6.1
Evocations     | 1 2 3 4 5 6 8 9 10 11 | 11.2
Long Blades    | 3 6 8 11 14 15 16 | 16.0
Crossbows      | 4 7 10 13 15 | 15.8
Shields        | 1 |  1.1
Armour         | 3 5 |  5.0
Dodging        | 4 |  4.5

Action                   |  1- 3 |  4- 6 |  7- 9 | 10-12 | 13-15 | 16-18 || total
-------------------------+-------+-------+-------+-------+-------+-------++-------
Melee: Hand axe          |    56 |       |       |       |       |       ||    56
       Headbutt          |    10 |     9 |    25 |    36 |   122 |    20 ||   222
       Whip              |     2 |    17 |       |       |       |       ||    19
       Quarterstaff      |       |    69 |     7 |       |       |       ||    76
       Double sword      |       |       |   184 |   171 |   503 |    99 ||   957
       Broad axe         |       |       |       |    19 |       |       ||    19
       Battleaxe         |       |       |       |       |       |    18 ||    18
 Fire: Hunting sling     |    12 |    11 |    63 |       |       |       ||    86
       Hand crossbow     |       |       |       |    48 |       |       ||    48
       Arbalest          |       |       |       |    53 |   293 |    29 ||   375
Throw: Stone             |    25 |     5 |       |       |       |       ||    30
       Dart              |       |       |     3 |    17 |    23 |       ||    43
       Boomerang         |       |       |       |    25 |    93 |    39 ||   157
Invok: Trog's Hand       |       |     3 |     3 |    17 |    27 |     7 ||    57
       Berserk           |       |     1 |     2 |     4 |    20 |       ||    27
       Brothers in Arms  |       |       |       |       |     1 |       ||     1
Evoke: Wand              |       |       |       |     6 |    23 |     5 ||    34
       Tin of tremorston |       |       |       |       |     1 |     2 ||     3
       Condenser vane    |       |       |       |       |       |     1 ||     1
  Use: Scroll            |     2 |     4 |     9 |     6 |    14 |     1 ||    36
       Potion            |       |       |       |     4 |     1 |     4 ||     9
 Stab: Paralysed         |       |       |       |       |     5 |       ||     5
       Sleeping          |       |       |       |       |     1 |       ||     1
Armor: Ring mail         |    26 |     1 |       |       |       |       ||    27
       Scale mail        |       |    22 |       |       |    38 |    64 ||   124
       Plate armour      |       |    35 |   138 |   165 |   386 |       ||   724
Dodge: Dodged            |    21 |    44 |    87 |   137 |   384 |    67 ||   740
Block: Kite shield       |       |       |       |       |     2 |       ||     2
       Rpst.: Double sword |       |       |    16 |    22 |    83 |     6 ||   127

Table legend: (Time is in decaauts)
 A = Elapsed time spent in this place.
 B = Non-inter-level travel time spent in this place.
 C = Inter-level travel time spent in this place.
 D = Time resting spent in this place.
 E = Time spent auto-exploring this place.
 F = Levels seen in this place.
 G = Mean time per level.
                   A        B        C        D        E       F      G
               +--------+--------+--------+--------+--------+-----+--------+
         Total |  31072 |  29864 |   1208 |   7608 |  15200 |  29 | 1071.4 |
       Dungeon |  15342 |  14541 |    801 |   1935 |   9841 |  15 | 1022.8 |
          Lair |   8739 |   8421 |    318 |   2696 |   4270 |   6 | 1456.5 |
  Orcish Mines |   3596 |   3542 |     54 |   1862 |    583 |   2 | 1798.0 |
   Elven Halls |   1628 |   1594 |     34 |    240 |    483 |   2 |  814.0 |
        Depths |    132 |    132 |      0 |     24 |      0 |   1 |  132.0 |
       Ossuary |    529 |    529 |      0 |    223 |      0 |   1 |  529.0 |
        Bailey |    419 |    419 |      0 |    119 |     23 |   1 |  419.0 |
       Volcano |    684 |    684 |      0 |    507 |      0 |   1 |  684.0 |
               +--------+--------+--------+--------+--------+-----+--------+

Top non-repeatable levels by time:
   Orc:2: 2968 daAuts
  Lair:5: 2024 daAuts
  Lair:2: 1757 daAuts
  Lair:6: 1567 daAuts
     D:8: 1492 daAuts
     D:9: 1478 daAuts
     D:4: 1427 daAuts
     D:2: 1425 daAuts
  Lair:4: 1292 daAuts
   Elf:1: 1219 daAuts
     D:6: 1206 daAuts
    D:15: 1137 daAuts
     D:3: 1127 daAuts
  Lair:1: 1104 daAuts
  Lair:3: 993 daAuts
